 Dungeon Crawl Stone Soup version 0.24.0-123-gd5b16e6ec5 (webtiles) character file.

Game seed: 6787024030125567955, levelgen mode: deterministic

108 Chiseanne the Magician (level 4, -7/30 HPs)
             Began as a Demonspawn Wizard on Jan 21, 2020.
             Mangled by a wyvern zombie (11 damage)
             ... on level 3 of the Dungeon.
             The game lasted 00:05:22 (5041 turns).

Chiseanne the Magician (Demonspawn Wizard)          Turns: 5041, Time: 00:05:23

Health: -7/30      AC:  4    Str:  7    XL:     4   Next: 58%
Magic:  3/10       EV: 12    Int: 21    God:
Gold:   103        SH:  0    Dex: 11    Spells: 2/11 levels left

rFire    . . .     SeeInvis .   p - +0 short sword
rCold    . . .     Gourm    .   (no shield)
rNeg     . . .     Faith    .   a - +0 robe
rPois    .         Spirit   .   b - +0 hat
rElec    .         Reflect  .   (no cloak)
rCorr    .         Harm     .   o - +1 pair of gloves
MR       .....                  (no boots)
Stlth    ++........             (no amulet)
HPRegen  0.10/turn              (no ring)
MPRegen  0.12/turn              (no ring)

@: no status effects
A: rot immunity, sturdy frame 1
a: no special abilities


You were on level 3 of the Dungeon.
You were hungry.

You visited 1 branch of the dungeon, and saw 3 of its levels.

You collected 103 gold pieces.

Inventory:

Hand Weapons
 p - a +0 short sword (weapon)
Missiles
 c - 23 arrows
 e - 188 stones (quivered)
 i - 9 boomerangs
 n - 10 poisoned darts
 q - 4 curare-tipped darts
Armour
 a - a +0 robe (worn)
 b - a +0 hat (worn)
 o - a +1 pair of gloves (worn)
Wands
 u - a wand of digging (5)
Scrolls
 g - a scroll of teleportation
 l - a scroll of magic mapping {unknown}
Potions
 f - 3 potions of curing
 h - 3 potions of flight {unknown}
 j - a potion of berserk rage {unknown}
 k - 2 potions of agility {unknown}
 w - a potion of cancellation {unknown}
 x - a potion of invisibility {unknown}
Comestibles
 d - 11 rations


   Skills:
 - Level 1.7 Dodging
 - Level 1.7 Stealth
 * Level 4.1 Spellcasting
 * Level 3.2 Conjurations
   Level 1.0 Summonings
 - Level 0.8 Translocations


You had 2 spell levels left.
You knew the following spells:

 Your Spells              Type           Power        Failure   Level  Hunger
a - Magic Dart            Conj           ###.         3%          1    None
b - Blink                 Tloc           N/A          13%         2    #......
c - Conjure Flame         Conj/Fire      ##......     19%         3    ###....
d - Mephitic Cloud        Conj/Pois/Air  #.......     22%         3    ###....

Your spell library contained the following spells:

 Spells                   Type           Power        Failure   Level  Hunger
 Call Imp                 Summ           #.......     12%         2    #......
 Slow                     Hex            #.......     19%         2    #......


Dungeon Overview and Level Annotations

Branches:
Dungeon (3/15)

Altars:
Ashenzari
Cheibriados
Qazlal
Ru
Sif Muna
Yredelemnul


Innate Abilities, Weirdness & Mutations

You are immune to rotting.
Your movements are slightly less encumbered by armour. (ER -2)


Message History

* * * LOW HITPOINT WARNING * * *
The wyvern zombie bites you.
* * * LOW HITPOINT WARNING * * *
Casting: Magic Dart (safe; 3% risk of failure)
Confirm with . or Enter, or press ? or * to list all spells.
Aiming: Magic Dart (safe; 3% risk of failure)
Press: ? - help, Shift-Dir - straight line, f/p - wyvern zombie
Aim: a wyvern zombie (lightly damaged)
The magic dart hits the wyvern zombie.
The wyvern zombie is moderately damaged.
The wyvern zombie closely misses you.
Casting: Magic Dart (safe; 3% risk of failure)
Confirm with . or Enter, or press ? or * to list all spells.
Aiming: Magic Dart (safe; 3% risk of failure)
Press: ? - help, Shift-Dir - straight line, f/p - wyvern zombie
Aim: a wyvern zombie (moderately damaged)
The magic dart hits the wyvern zombie.
The wyvern zombie is moderately damaged.
The wyvern zombie bites you!
You die...

#.......#.#
#########.#
#.# #.# #.#
##.##
#####...##
.........#
#####..@##
#...Z...>...
#.#.#.##.#..
#.#....
#.#+#.## .#
.. ..


You could see a wyvern zombie.

Vanquished Creatures
  An adder (D:3)
  5 worms
  3 leopard geckos
  3 orcs (D:3)
  8 bats
  5 giant cockroaches
  12 hobgoblins
  7 jackals
  3 quokkas
  2 ball pythons (D:2)
  4 frilled lizards
  2 gnoll zombies (D:2)
  5 goblins
  6 kobolds (D:1)
  6 rats
72 creatures vanquished.

Notes
Turn   | Place    | Note
-------+----------+-------------------------------------------
     0 | D:1      | Chiseanne the Demonspawn Wizard began the quest for the
                  | Orb.
     0 | D:1      | Reached XP level 1. HP: 13/13 MP: 4/4
   723 | D:1      | Gained mutation: Your movements are slightly less
                  | encumbered by armour. (ER -2) [demonic ancestry]
   723 | D:1      | Reached XP level 2. HP: 19/19 MP: 0/6
  1674 | D:1      | Reached XP level 3. HP: 24/24 MP: 6/8
  2423 | D:2      | Learned a level 2 spell: Blink
  2427 | D:2      | Learned a level 3 spell: Conjure Flame
  2431 | D:2      | Learned a level 3 spell: Mephitic Cloud
  2449 | D:2      | Found a shimmering blue altar of Sif Muna.
  2452 | D:2      | Found a sacrificial altar of Ru.
  2453 | D:2      | Found a shattered altar of Ashenzari.
  3531 | D:2      | Found a snail-covered altar of Cheibriados.
  3542 | D:2      | Gained mutation: You are immune to rotting. [demonic
                  | ancestry]
  3542 | D:2      | Reached XP level 4. HP: 30/30 MP: 4/9
  3955 | D:2      | Found a basalt altar of Yredelemnul.
  4129 | D:3      | Found a shattered altar of Ashenzari.
  4136 | D:3      | Reached skill level 4 in Spellcasting
  4538 | D:3      | Found a stormy altar of Qazlal.
  5041 | D:3      | Mangled by a wyvern zombie

Levels and vault maps discovered:
D:1:      matt_arrival_los_fun, layout_loops_corners, minmay_misc_feat_rows
D:2:      layout_basic, nicolae_overflow_crystal_walls,
          lemuel_zombie_altar_yredelemnul, grunt_temple_overflow_open,
          first_ration
D:3:      layout_loops_corners, nicolae_qazlal_eye_of_the_storm,
          ashenzari_altar_1

Skill      XL: |  1  2  3  4 |
---------------+-------------+-----
Conjurations   | 2 3 |  3.2
Spellcasting   | 4 |  4.1
Dodging        | |  1.7
Stealth        | |  1.7
Summonings     | |  1.0
Translocations | |  0.8

Action                   |  1- 3 |  4- 6 || total
-------------------------+-------+-------++-------
Melee: Unarmed           |    34 |       ||    34
       Club              |    20 |       ||    20
       Short sword       |    28 |    15 ||    43
 Cast: Magic Dart        |   121 |    63 ||   184
       Mephitic Cloud    |       |     2 ||     2
       Conjure Flame     |       |     1 ||     1
  Use: Scroll            |       |     6 ||     6
  Eat: Chunk             |     8 |     4 ||    12
Armor: Robe              |    21 |     2 ||    23
Dodge: Dodged            |    72 |    12 ||    84
